 Dungeon Crawl Stone Soup version 0.29-a0-2-g12fcac58f8 (webtiles) character file.

Game seed: 14958274779632034738

9960 Ajdolov the Unseen (level 11, -8/54 HPs)
             Began as a Spriggan Brigand on Jan 26, 2022.
             Was a Priest of Dithmenos.
             Killed from afar by an efreet (25 damage)
             ... with a fireball
             ... on level 13 of the Dungeon.
             The game lasted 01:03:27 (13771 turns).

Ajdolov the Unseen (Spriggan Brigand)              Turns: 13771, Time: 01:03:27

Health: -8/54      AC:  3    Str:  7    XL:     11   Next: 29%
Magic:  0/12       EV: 28    Int: 14    God:    Dithmenos [***...]
Gold:   397        SH:  0    Dex: 26    Spells: 10/10 levels left

rFire   . . .      SeeInvis +   a - +5 quick blade
rCold   + . .      Faith    .   (no shield)
rNeg    . . .      Spirit   +   t - +0 robe
rPois   .          Reflect  .   (helmet restricted)
rElec   .          Harm     .   J - +0 cloak
rCorr   .          Rampage  .   (gloves unavailable)
Will    +....                   (boots unavailable)
Stlth   +++++++++.              y - amulet of guardian spirit
HPRegen 0.18/turn               P - +6 ring of dexterity
MPRegen 0.13/turn               s - ring of protection from cold

@: wreathed by umbra, very quick
A: very small, no large weapons, unfitting armour, see invisible, speed 3
a: Renounce Religion, Shadow Step


You were on level 13 of the Dungeon.
You worshipped Dithmenos.
Dithmenos was most pleased with you.
You visited 1 branch of the dungeon, and saw 11 of its levels.
You also visited: Bailey.

You collected 597 gold pieces.
You spent 200 gold pieces at shops.

Inventory:

Hand Weapons
 a - a +5 quick blade (weapon)
 b - a +0 fustibalus
 c - a +2 dagger
Missiles
 q - 210 stones
 w - 6 poisoned darts (quivered)
 B - 45 sling bullets
 C - a throwing net
Armour
 t - a +0 robe (worn)
 J - a +0 cloak (worn)
Jewellery
 e - a ring of wizardry
 i - a ring of positive energy
 p - a +6 ring of intelligence
 s - a ring of protection from cold (right hand)
 y - an amulet of guardian spirit (around neck)
 L - a ring of ice
 M - an amulet of magic regeneration
 P - a +6 ring of dexterity (left hand)
Wands
 z - a wand of flame (26)
 D - a wand of polymorph (4)
Scrolls
 f - 12 scrolls of identify
 g - a scroll of summoning {unknown}
 h - 2 scrolls of immolation {unknown}
 j - 3 scrolls of fear {unknown}
 k - a scroll of teleportation
 l - a scroll of amnesia {unknown}
 m - a scroll of noise {unknown}
 o - 3 scrolls of vulnerability {unknown}
 u - a scroll of torment {unknown}
 A - a scroll of magic mapping {unknown}
 F - 5 scrolls of enchant weapon {unknown}
 N - a scroll of acquirement
 O - a scroll of enchant armour {unknown}
Potions
 d - 2 potions of mutation {unknown}
 n - 4 potions of might
 r - 2 potions of haste
 v - 3 potions of curing {unknown}
 x - 4 potions of brilliance {unknown}
 E - 5 potions of heal wounds
 G - a potion of magic {unknown}
 H - a potion of invisibility {unknown}
 I - 2 potions of cancellation {unknown}
 K - a potion of degeneration {unknown}


   Skills:
 + Level 4.8 Fighting
 - Level 10.0 Short Blades
 * Level 10.0(10.2) Slings
 - Level 2.0(5.6) Throwing
 + Level 10.0 Dodging
 + Level 15.0 Stealth


You had 10 spell levels left.
You didn't know any spells.
Your spell library contained the following spells:

 Spells                   Type           Power      Damage    Failure   Level
 Animate Skeleton         Necr           0%         N/A       28%         1
 Foxfire                  Conj/Fire      0%         2x1d4     28%         1
 Pain                     Necr           0%         1d4       28%         1
 Static Discharge         Conj/Air       0%         N/A       41%         2
 Conjure Flame            Conj/Fire      0%         6-21      65%         3
 Inner Flame              Hex/Fire       0%         N/A       65%         3
 Vampiric Draining        Necr           0%         2d6       65%         3
 Animate Dead             Necr           0%         N/A       96%         4
 Flame Wave               Conj/Fire      0%         2d4       96%         4
 Lightning Bolt           Conj/Air       0%         1d11      100%        5
 Haunt                    Necr/Summ      0%         N/A       100%        7
 Infestation              Necr           0%         N/A       100%        8
 Maxwell's Capacitive Co  Air            0%         ∞         100%        8


Dungeon Overview and Level Annotations

Branches:
Dungeon (10/15)              Lair (0/6) D:10            Orc (0/2) D:9
 Bailey (visited)
 Temple: D:4-7

Altars:
Dithmenos
Kikubaaqudgha
Okawaru
Trog
Vehumet
Zin
The Shining One

Shops:
D:2 ?   D:7 ((   D:8 (

Annotations:
D:3 exclusion: necrophage
D:5 1 runed translucent door, 1 exclusion
D:9 1 runed translucent door, Yorgos's ghost, novice DsBe


Innate Abilities, Weirdness & Mutations

You are very small and have problems with some larger weapons.
You are too small for most types of armour.
You have supernaturally acute eyesight. (SInv)
You cover ground extremely quickly. (Speed+++)


Message History

You hit the efreet but do no damage.
The efreet is heavily wounded.
You hit the efreet.
The efreet is heavily wounded.
The efreet completely misses you.
You hit the efreet.
The efreet is severely wounded.
You hit the efreet.
The efreet is severely wounded.
You completely miss the efreet.
The efreet is severely wounded.
The efreet gestures at you. The bolt of fire hits you!!
* * * LOW HITPOINT WARNING * * *
You hit the efreet but do no damage.
The efreet is severely wounded.
You hit the efreet but do no damage.
The efreet is severely wounded.
You hit the efreet.
The efreet is almost dead.
The efreet barely misses you.
You hit the efreet but do no damage.
The efreet is almost dead.
You hit the efreet.
The efreet is almost dead.
You hit the efreet but do no damage.
The efreet is almost dead.
You hit the efreet but do no damage.
The efreet is almost dead.
The efreet gestures at you. The bolt of fire misses you.
You hit the efreet but do no damage.
The efreet is almost dead.
You hit the efreet but do no damage.
The efreet is almost dead.
You hit the efreet but do no damage.
The efreet is almost dead.
The efreet gestures at you.
The fireball explodes!
The fireball engulfs you!!
You die...

#........ #########
#........
#.......#####........
#.......'...#........
#.......###.'........
#.......# ###........
#.......# ####+####
#.......# #...@...#
####R#### #.. ....
...... .......
........# ........#


You could see an efreet.

Vanquished Creatures
  An orc warlord (Bailey)
  3 two-headed ogres
  A centaur warrior (D:13)
  A tengu warrior (D:13)
  2 orc knights (Bailey)
  An oklob plant (D:10)
  A manticore (D:13)
  A troll (D:10)
  4 yaks (D:9)
  A steam dragon (D:7)
  A water moccasin (D:6)
  An ice beast (D:6)
  6 orc warriors
  A black bear (D:7)
  An ogre (D:4)
  5 centaurs
  A kobold brigand (D:9)
  A gnoll sergeant (D:6)
  2 scorpions (D:6)
  A water moccasin skeleton (D:5)
  8 killer bees
  A howler monkey (D:5)
  6 wights
  2 centaur zombies (D:8)
  3 orc priests
  5 hounds
  2 jellies
  4 centaur skeletons
  2 bullfrog skeletons
  An iguana (D:6)
  5 orc wizards
  A killer bee zombie (D:6)
  A hound skeleton (D:5)
  A howler monkey skeleton (D:7)
  A howler monkey zombie (D:8)
  12 gnolls
  5 adders
  2 shadow imps
  A white imp (D:7)
  2 ufetubi
  An adder skeleton (D:4)
  2 worms
  A dart slug (D:3)
  52 orcs
  5 bats
  8 endoplasms
  A giant cockroach (D:4)
  6 goblins
  8 hobgoblins
  21 kobolds
  2 quokkas (D:3)
  3 training dummies (D:7)
  7 ball pythons
  3 frilled lizards
  5 rats
226 creatures vanquished.

Notes
Turn   | Place    | Note
-------+----------+-------------------------------------------
     0 | D:1      | Ajdolov the Spriggan Brigand began the quest for the Orb.
     0 | D:1      | Reached XP level 1. HP: 10/10 MP: 2/2
    48 | D:1      | Reached skill level 6 in Stealth
   110 | D:1      | Reached XP level 2. HP: 10/14 MP: 3/3
   485 | D:1      | Reached skill level 7 in Stealth
   768 | D:1      | Reached XP level 3. HP: 18/18 MP: 4/4
  1546 | D:2      | Found Deynutzo's Magic Scroll Shop.
  1559 | D:2      | Bought a scroll of identify for 20 gold pieces
  1559 | D:2      | Bought a scroll of teleportation for 30 gold pieces
  1643 | D:2      | Reached XP level 4. HP: 5/22 MP: 5/5
  2130 | D:2      | Identified the +0 ring mail of Xemir {Fly rN+ Will+ Int-2
                  | Dex+3}
  2748 | D:3      | Reached skill level 8 in Stealth
  2849 | D:3      | Noticed a necrophage
  2978 | D:3      | Found a bloodstained altar of Trog.
  2990 | D:3      | Found a glowing silver altar of Zin.
  3841 | D:3      | Found an iron altar of Okawaru.
  3841 | D:3      | Found a radiant altar of Vehumet.
  3842 | D:3      | Found an ancient bone altar of Kikubaaqudgha.
  3972 | D:3      | Reached XP level 5. HP: 14/25 MP: 6/6
  4673 | D:3      | Reached skill level 9 in Stealth
  4673 | D:3      | Reached XP level 6. HP: 23/30 MP: 7/7
  4993 | D:4      | Reached skill level 5 in Short Blades
  5362 | D:4      | Reached skill level 1 in Slings
  5406 | D:4      | Reached XP level 7. HP: 33/33 MP: 8/8
  5496 | D:5      | Entered Level 5 of the Dungeon
  6047 | D:5      | Found a shadowy altar of Dithmenos.
  6496 | D:5      | Reached skill level 10 in Stealth
  6840 | D:5      | Became a worshipper of Dithmenos the Shadowed
  6887 | D:5      | Found a runed translucent gate.
  7131 | D:5      | Found a glowing golden altar of the Shining One.
  7420 | D:6      | Reached XP level 8. HP: 19/37 MP: 9/9
  8271 | D:6      | Reached skill level 11 in Stealth
  8736 | D:6      | Reached skill level 5 in Dodging
  8797 | D:7      | Reached * piety under Dithmenos
  9077 | D:7      | Found Doit's Firing Range.
  9119 | D:7      | Bought a +0 fustibalus for 150 gold pieces
  9202 | D:7      | Found Poseog's Weapon Boutique.
  9537 | D:7      | Reached XP level 9. HP: 41/41 MP: 10/10
 10024 | D:8      | Found a flagged portal.
 10041 | D:8      | Found Letukk's Weapon Shoppe.
 10184 | D:8      | Reached skill level 12 in Stealth
 10544 | Bailey   | Entered a bailey
 10549 | Bailey   | Noticed an orc warlord
 10579 | Bailey   | Reached ** piety under Dithmenos
 10735 | Bailey   | Reached skill level 10 in Short Blades
 10811 | Bailey   | Found a runed translucent gate.
 10811 | Bailey   | Found a runed translucent gate.
 10811 | Bailey   | Found a runed translucent gate.
 10816 | Bailey   | Noticed an orc knight
 10926 | Bailey   | Killed an orc knight
 10952 | Bailey   | Noticed an orc knight
 10960 | Bailey   | Killed an orc knight
 10961 | Bailey   | Reached skill level 5 in Slings
 10961 | Bailey   | Reached skill level 13 in Stealth
 11177 | Bailey   | Killed an orc warlord
 11178 | Bailey   | Reached XP level 10. HP: 49/49 MP: 11/11
 11254 | Bailey   | Acquired a +5 quick blade
 11903 | D:9      | Noticed a two-headed ogre
 11996 | D:9      | Killed a two-headed ogre
 11997 | D:9      | Reached skill level 14 in Stealth
 12063 | D:9      | Found a staircase to the Orcish Mines.
 12104 | D:9      | Reached *** piety under Dithmenos
 12436 | D:9      | Found a runed translucent door.
 12436 | D:9      | Noticed Yorgos's ghost (novice DsBe)
 12576 | D:9      | Noticed a two-headed ogre
 12831 | D:8      | Killed a two-headed ogre
 13125 | D:10     | Entered Level 10 of the Dungeon
 13147 | D:10     | Found a staircase to the Lair.
 13178 | D:10     | Noticed a two-headed ogre
 13215 | D:10     | Killed a two-headed ogre
 13216 | D:10     | Reached XP level 11. HP: 54/54 MP: 12/12
 13584 | D:10     | Noticed an oklob plant
 13594 | D:10     | Killed an oklob plant
 13619 | D:10     | You fall into a shaft and drop 3 floors!
 13619 | D:13     | Noticed a tengu warrior
 13619 | D:13     | Noticed a purple ugly thing
 13624 | D:13     | Killed a tengu warrior
 13626 | D:13     | Noticed a wizard
 13644 | D:13     | Noticed a centaur warrior
 13645 | D:13     | Killed a centaur warrior
 13646 | D:13     | Reached skill level 10 in Slings
 13646 | D:13     | Reached skill level 10 in Dodging
 13646 | D:13     | Reached skill level 15 in Stealth
 13771 | D:13     | Killed from afar by an efreet

Illustrated notes

Levels and vault maps discovered:
D:1:      lightli_arrival_noodles, layout_loops_ring
D:2:      layout_basic, serial_shops, nicolae_shop_waterfront,
          minmay_diced_spiral
D:3:      layout_rooms, amethyst_overflow_temple_binary,
          chequers_temple_overflow_statue_of_worship,
          chequers_ecumenical_altar_grove
D:4:      layout_basic, grunt_decor_cap
D:5:      layout_cave_pools, tso_metal_star, mainiacjoe_overflow_catwalk,
          biasface_ghost_orc_armoury
D:6:      layout_basic
D:7:      layout_basic, minmay_temple_entry_from_below_b, serial_shops, shop,
          nicolae_shop_firing_range
D:8:      layout_basic, serial_shops, nicolae_take_the_stairs, enter_bailey_2
D:9:      layout_basic, hiddenorc2_lemuel, hellmonk_ghost_happy_afterlife
D:10:     lemuel_ice_spiral_2, layout_irregular_city, makhleb_altar_promises_db,
          dpeg_oklobed_lair
D:13:     layout_roguey, hangedman_vaults_entry_quadrant_bands,
          grunt_ministairs_9, hangedman_corner_corridor

Skill      XL: |  1  2  3  4  5  6  7  8  9 10 11 |
---------------+----------------------------------+-----
Stealth        | 6 7 8 9 10 11 13 14 15 | 15.0
Short Blades   | 3 4 5 7 9 10 | 10.0
Dodging        | 2 3 5 8 9 10 | 10.0
Slings         | 1 3 6 9 10 | 10.0
Fighting       | 3 4 |  4.8
Throwing       | |  2.0

Action                   |  1- 3 |  4- 6 |  7- 9 | 10-12 || total
-------------------------+-------+-------+-------+-------++-------
Melee: Dagger            |    68 |   162 |   355 |       ||   585
       Punch             |     1 |     1 |     7 |     5 ||    14
       Rapier            |       |       |     7 |       ||     7
       Quick blade       |       |       |       |   322 ||   322
 Fire: Shortbow          |       |    17 |   138 |       ||   155
       Fustibalus        |       |       |    53 |    33 ||    86
Throw: Dart              |    15 |    66 |    39 |    14 ||   134
       Stone             |       |     3 |     1 |       ||     4
  Use: Scroll            |       |     1 |       |     2 ||     3
 Stab: Sleeping          |    11 |     6 |    24 |     5 ||    46
       Distracted        |       |       |       |     3 ||     3
Armor: Robe              |     6 |    15 |    27 |     2 ||    50
Dodge: Dodged            |    40 |   109 |   210 |   128 ||   487

Table legend: (Time is in decaauts)
 A = Elapsed time spent in this place.
 B = Non-inter-level travel time spent in this place.
 C = Inter-level travel time spent in this place.
 D = Time resting spent in this place.
 E = Time spent auto-exploring this place.
 F = Levels seen in this place.
 G = Mean time per level.
                   A        B        C        D        E       F      G
               +--------+--------+--------+--------+--------+-----+--------+
         Total |   9936 |   9714 |    222 |   1860 |   4441 |  12 |  828.0 |
       Dungeon |   9396 |   9174 |    222 |   1854 |   4355 |  11 |  854.2 |
        Bailey |    539 |    539 |      0 |      6 |     85 |   1 |  539.0 |
               +--------+--------+--------+--------+--------+-----+--------+

Top non-repeatable levels by time:
     D:3: 1501 daAuts
     D:6: 1249 daAuts
     D:2: 1075 daAuts
     D:9: 1063 daAuts
     D:5: 1013 daAuts
     D:4: 982 daAuts
     D:1: 890 daAuts
     D:7: 692 daAuts
  Bailey: 539 daAuts
     D:8: 500 daAuts
    D:10: 313 daAuts
    D:13: 114 daAuts
